 Dungeon Crawl Stone Soup version 0.31.0-32-g396128a36d (webtiles) character file.

Game seed: 11494813348718493525

6947 monsoonserge the Grappler (level 11, -5/83 HPs)
             Began as a Gnoll Shapeshifter on Mar 11, 2024.
             Was a Priest of Wu Jian.
             Killed by divine providence
             ... invoked by a smoke demon
              (16 damage)
             ... on level 9 of the Dungeon.
             The game lasted 00:39:49 (9824 turns).

monsoonserge the Grappler (Gnoll Shapeshifter)      Turns: 9824, Time: 00:39:51

Health: -5/83      AC: 19    Str: 18    XL:     11   Next: 7%
Magic:  16/16      EV: 13    Int:  9    God:    Wu Jian [***...]
Gold:   1099       SH:  0    Dex: 12    Spells: 22/22 levels left

rFire   + . .        R - +8 falchion "Ynaisyso" {protect, +Blink rN+ Stlth+}
rCold   + . .        (no shield)
rNeg    + . .        y - +0 plate armour
rPois   .            D - melded +0 helmet
rElec   .            F - melded +0 cloak
rCorr   .            P - melded +0 pair of gloves
SInv    .            (boots currently unavailable)
Will    +....        (no amulet) Stlth
                     C - +5 ring of evasion
HPRegen 0.33/turn    Q - ring of protection from cold
MPRegen 0.15/turn

%: no passive effects
@: beast-form, under a protective aura, enlightened, flying
A: beast (slay +4), fangs 1, strong nose, distributed training, fire resistance
1, low MP 2
a: Begin Untransformation, Renounce Religion, Evoke Blink, Wall Jump, Serpent's
Lash


You were on level 9 of the Dungeon.
You worshipped Wu Jian.
Wu Jian was most pleased with you.
You were a hulking beast.
You visited 2 branches of the dungeon, and saw 10 of its levels.
You also visited: Bailey.

You collected 1099 gold pieces.

Inventory:

Hand Weapons
 R - the +8 falchion "Ynaisyso" (weapon) {protect, +Blink rN+ Stlth+}
   (You found it on level 8 of the Dungeon)

   rN+:       It protects you from negative energy.
   +Blink:    It lets you blink.
   Stlth+:    It makes you more stealthy.
Missiles
 f - 8 javelins
 w - 16 boomerangs
 I - 19 poisoned darts (quivered)
 J - 4 datura-tipped darts
 K - 7 curare-tipped darts
 L - 4 atropa-tipped darts
Armour
 h - a +0 tower shield
 j - a +0 scale mail
 n - a +0 leather armour
 p - a +0 chain mail
 r - a +0 ring mail
 y - a +0 plate armour (worn)
 D - a +0 helmet (melded)
 F - a +0 cloak (melded)
 P - a +0 pair of gloves (melded)
Magical Staves
 B - a staff of fire
Jewellery
 C - a +5 ring of evasion (left hand)
 Q - a ring of protection from cold (right hand)
Talismans
 c - a beast talisman (active)
 d - a flux talisman
 g - a talisman of death
Wands
 a - a wand of flame (37)
 l - a wand of iceblast (8)
Scrolls
 e - 2 scrolls of noise
 k - 2 scrolls of revelation
 o - 2 scrolls of torment
 t - 3 scrolls of vulnerability
 u - 4 scrolls of amnesia {unknown}
 x - 2 scrolls of teleportation
 O - a scroll of fog
Potions
 b - a potion of lignification
 m - 2 potions of might
 q - a potion of attraction {unknown}
 s - a potion of mutation
 v - a potion of heal wounds {unknown}
 z - a potion of curing
 E - a potion of brilliance {unknown}
 G - a potion of magic {unknown}
 M - a potion of haste {unknown}
 N - 2 potions of enlightenment


   Skills:
 + Level 6.7 Fighting
 + Level 6.1 Short Blades
 + Level 6.1 Long Blades
 + Level 6.1 Axes
 + Level 6.1 Maces & Flails
 + Level 6.1 Polearms
 + Level 6.1 Staves
 + Level 6.1 Ranged Weapons
 + Level 6.1 Throwing
 + Level 6.1 Armour
 + Level 7.7 Dodging
 + Level 6.1 Stealth
 + Level 6.1 Shields
 + Level 9.1 Unarmed Combat
 + Level 6.1 Spellcasting
 + Level 5.1 Conjurations
 + Level 5.1 Hexes
 + Level 5.1 Summonings
 + Level 5.1 Necromancy
 + Level 5.1 Translocations
 + Level 5.1 Fire Magic
 + Level 5.1 Ice Magic
 + Level 5.1 Air Magic
 + Level 5.1 Earth Magic
 + Level 5.1 Alchemy
 + Level 6.7 Invocations
 + Level 6.1 Evocations
 + Level 8.7 Shapeshifting


You had 22 spell levels left.
You didn't know any spells.
Your spell library contained the following spells:

 Spells                   Type           Power      Damage    Failure   Level
 Magic Dart               Conj           44%        1d5       65%         1
 Searing Ray              Conj           22%        2d5       78%         2
 Dazzling Flash           Conj/Hex       22%        N/A       95%         3
 Mephitic Cloud           Conj/Alch/Air  11%        N/A       95%         3
 Fulminant Prism          Conj/Alch      5%         3d7       100%        4
 Curse of Agony           Necr           11%        N/A       100%        5
 Silence                  Hex/Air        5%         N/A       100%        5


Dungeon Overview and Level Annotations

Branches:
Dungeon (9/15)             Temple (1/1) D:4            Lair (0/5) D:9
 Bailey (visited)
    Orc: D:9-12

Altars:
Ashenzari
Dithmenos
Elyvilon
Fedhas
Gozag
Hepliaklqana
Kikubaaqudgha
Makhleb
Nemelex Xobeh
Okawaru
Qazlal
Ru
Trog
Uskayaw
Vehumet
Wu Jian
Xom
Yredelemnul
Zin
The Shining One

Shops:
D:8 *


Innate Abilities, Weirdness & Mutations

You are a hulking beast.
Your limbs bulge with bestial killing power. (Slay +4)
You have very sharp teeth.
Your uncanny sense of smell can sniff out nearby items.
Your experience applies equally to all skills.
Your flesh is heat resistant. (rF+)
Your magical capacity is very low. (-20% MP)


Message History

The hellwing is moderately wounded.
You spin and attack the smoke demon.
You slash the smoke demon!
The smoke demon is severely wounded.
The orc priest is engulfed in a cloud of scalding steam.
The hellwing hits you.
* * * LOW HITPOINT WARNING * * *
The hellwing barely misses you.
The smoke demon hits you but does no damage. x2
The smoke demon closely misses you.
You feel better.
The wolf is engulfed in a cloud of scalding steam. x2
The wolf bites you but does no damage.
The hellwing hits you but does no damage.
The hellwing barely misses you. The smoke demon completely misses you.
The smoke demon hits you but does no damage. x2
A hellwing comes into view.
You spin and attack the wolf.
You hit the wolf.
The wolf is moderately wounded.
The wolf is engulfed in a cloud of scalding steam.
The wolf bites you but does no damage.
The wolf is engulfed in a cloud of scalding steam.
The wolf bites you but does no damage.
There is an open door here.
You spin and attack the orc priest.
You hit the orc priest.
You kill the orc priest!
The Council accepts your kill.
The hellwing hits you but does no damage. x2
Unknown command.
You spin and attack the wolf.
You slash the wolf!
You kill the wolf!
The Council accepts your kill.
Unknown command.
You spin and attack the orc.
The orc shouts!
You slash the orc!
You kill the orc!
The Council accepts your kill. The smoke demon gestures at you.
Something smites you!
You die...

#.....### ........# ########
###.....'.. # ........#
..Y....###.).....# .#.........#
.......#...#.....# ... ......ooO
Y......#.###)..?.###.##.<.....o.#
.......#.# #.o####.....####..o..#
.......#.# #..##......o..##.....#
.......#{# #o3#.)P........#.....#
.Y.....#.# ##'o4h..........#.####
.......o.# #..4....>....O...
.Y.....### #..............##
≈#..§... ...#......... #.#
##≈≈....##..####........ #+###
#§#.....#'# ###.....####...#
.≈#.So.... ##.#........# #
.≈3≈#§..... #..........# #
..4.#≈.. ###....)...###


You could see 2 hellwings, a smoke demon, an orc warrior, an orc wizard and an
orc.

Vanquished Creatures
  Erolcha (D:9)
  A two-headed ogre (D:8)
  A cyclops (D:7)
  A manticore (D:9)
  A wraith (D:9)
  10 yaks
  A water moccasin (D:7)
  2 orc warriors
  An ice beast (D:6)
  A black bear (D:5)
  An ogre (D:6)
  A sky beast (D:6)
  A wolf (D:9)
  4 kobold brigands (Bailey)
  4 bullfrogs
  2 gnoll sergeants (D:8)
  2 scorpions (D:6)
  9 wights
  A bombardier beetle (D:6)
  2 hounds
  2 jellies
  8 orc priests
  A sleepcap (D:7)
  Jessica (D:3)
  A gnoll bouda (D:2)
  2 iguanas (D:6)
  9 orc wizards
  A mummy (D:5)
  6 adders
  18 gnolls
  3 white imps
  2 ufetubi (D:5)
  A ribbon worm (D:2)
  3 dart slugs
  50 orcs
  5 endoplasms
  3 giant cockroaches
  8 goblins
  5 hobgoblins
  6 jackals (D:1)
  12 kobolds
  2 quokkas
  5 ball pythons
  3 bats
  2 frilled lizards
  A hobgoblin zombie (D:5)
  2 kobold zombies (D:5)
  An orc zombie (D:5)
  5 rats
215 creatures vanquished.

Vanquished Creatures (collateral kills)
  3 orc warriors (Bailey)
  3 kobold brigands (Bailey)
6 creatures vanquished.

Grand Total: 221 creatures vanquished

Notes
Turn   | Place    | Note
-------+----------+-------------------------------------------
     0 | D:1      | monsoonserge the Gnoll Shapeshifter began the quest for the
                  | Orb.
     0 | D:1      | Reached XP level 1. HP: 17/17 MP: 1/1
   194 | D:1      | Reached XP level 2. HP: 16/23 MP: 2/2
   728 | D:1      | Reached XP level 3. HP: 27/28 MP: 3/3
   969 | D:2      | Reached skill level 1 in Invocations
  1042 | D:2      | Reached skill level 1 in Short Blades
  1042 | D:2      | Reached skill level 1 in Long Blades
  1042 | D:2      | Reached skill level 1 in Axes
  1042 | D:2      | Reached skill level 1 in Maces & Flails
  1042 | D:2      | Reached skill level 1 in Polearms
  1042 | D:2      | Reached skill level 1 in Staves
  1042 | D:2      | Reached skill level 1 in Ranged Weapons
  1042 | D:2      | Reached skill level 1 in Throwing
  1042 | D:2      | Reached skill level 1 in Armour
  1042 | D:2      | Reached skill level 1 in Stealth
  1042 | D:2      | Reached skill level 1 in Shields
  1042 | D:2      | Reached skill level 1 in Spellcasting
  1042 | D:2      | Reached skill level 1 in Evocations
  1259 | D:2      | Reached XP level 4. HP: 34/34 MP: 5/5
  1355 | D:2      | Found a hazy altar of Hepliaklqana.
  1411 | D:2      | Reached skill level 1 in Conjurations
  1411 | D:2      | Reached skill level 1 in Hexes
  1411 | D:2      | Reached skill level 1 in Summonings
  1411 | D:2      | Reached skill level 1 in Necromancy
  1411 | D:2      | Reached skill level 1 in Translocations
  1411 | D:2      | Reached skill level 1 in Fire Magic
  1411 | D:2      | Reached skill level 1 in Ice Magic
  1411 | D:2      | Reached skill level 1 in Air Magic
  1411 | D:2      | Reached skill level 1 in Earth Magic
  1411 | D:2      | Reached skill level 1 in Alchemy
  1684 | D:3      | Reached XP level 5. HP: 40/40 MP: 5/7
  2344 | D:3      | Reached XP level 6. HP: 32/47 MP: 8/8
  2344 | D:3      | Noticed Jessica
  2359 | D:3      | Killed Jessica
  2360 | D:3      | Reached skill level 5 in Dodging
  2483 | D:3      | Found a hazy altar of Hepliaklqana.
  2862 | D:4      | Found a staircase to the Ecumenical Temple.
  2878 | Temple   | Entered the Ecumenical Temple
  2906 | Temple   | Became a worshipper of the Wu Jian Council
  3483 | D:4      | Noticed an orc warrior
  3524 | D:4      | Reached skill level 7 in Unarmed Combat
  3524 | D:4      | Reached XP level 7. HP: 29/52 MP: 10/10
  4167 | D:4      | Found a hide-covered altar of Uskayaw.
  4361 | D:5      | Entered Level 5 of the Dungeon
  5114 | D:5      | Reached * piety under Wu Jian
  5622 | D:6      | Reached XP level 8. HP: 45/60 MP: 12/12
  6751 | D:7      | Reached ** piety under Wu Jian
  6898 | D:7      | Reached XP level 9. HP: 57/66 MP: 14/14
  7128 | D:7      | Noticed a cyclops
  7134 | D:7      | Killed a cyclops
  7135 | D:7      | Reached skill level 5 in Fighting
  7412 | D:8      | Found a broken altar of Ashenzari.
  7419 | D:8      | Found an opulent altar of Gozag.
  7423 | D:8      | Reached skill level 8 in Unarmed Combat
  7461 | D:8      | Found a flagged portal.
  7490 | D:8      | Reached skill level 5 in Invocations
  7525 | Bailey   | Entered a bailey
  7698 | Bailey   | Reached skill level 5 in Short Blades
  7698 | Bailey   | Reached skill level 5 in Long Blades
  7698 | Bailey   | Reached skill level 5 in Axes
  7698 | Bailey   | Reached skill level 5 in Maces & Flails
  7698 | Bailey   | Reached skill level 5 in Polearms
  7698 | Bailey   | Reached skill level 5 in Staves
  7698 | Bailey   | Reached skill level 5 in Ranged Weapons
  7698 | Bailey   | Reached skill level 5 in Throwing
  7698 | Bailey   | Reached skill level 5 in Armour
  7698 | Bailey   | Reached skill level 5 in Stealth
  7698 | Bailey   | Reached skill level 5 in Shields
  7698 | Bailey   | Reached skill level 5 in Spellcasting
  7698 | Bailey   | Reached skill level 5 in Evocations
  7698 | Bailey   | Reached XP level 10. HP: 39/76 MP: 17/17
  7702 | Bailey   | Gained mutation: Your magical capacity is low. (-10% MP)
                  | [potion of mutation]
  7702 | Bailey   | Gained mutation: Your flesh is heat resistant. (rF+)
                  | [potion of mutation]
  7702 | Bailey   | Gained mutation: Your magical capacity is very low. (-20%
                  | MP) [potion of mutation]
  7902 | Bailey   | Found a bloodstained altar of Trog.
  8161 | D:8      | Found Qaycro's Changing Room.
  8178 | D:8      | Reached *** piety under Wu Jian
  8326 | D:8      | Identified the +8 falchion "Ynaisyso" {protect, +Blink rN+
                  | Stlth+}
  8386 | D:8      | Noticed a two-headed ogre
  8391 | D:8      | Killed a two-headed ogre
  8989 | D:9      | Noticed Erolcha
  9315 | D:9      | Killed Erolcha
  9316 | D:9      | Reached skill level 9 in Unarmed Combat
  9595 | D:9      | Noticed a manticore
  9630 | D:9      | Killed a manticore
  9631 | D:9      | Reached skill level 5 in Conjurations
  9631 | D:9      | Reached skill level 5 in Hexes
  9631 | D:9      | Reached skill level 5 in Summonings
  9631 | D:9      | Reached skill level 5 in Necromancy
  9631 | D:9      | Reached skill level 5 in Translocations
  9631 | D:9      | Reached skill level 5 in Fire Magic
  9631 | D:9      | Reached skill level 5 in Ice Magic
  9631 | D:9      | Reached skill level 5 in Air Magic
  9631 | D:9      | Reached skill level 5 in Earth Magic
  9631 | D:9      | Reached skill level 5 in Alchemy
  9631 | D:9      | Reached XP level 11. HP: 66/83 MP: 16/16
  9721 | D:9      | Found a staircase to the Lair.
  9722 | D:9      | Noticed a two-headed ogre
  9824 | D:9      | Killed from afar by a smoke demon

Illustrated notes

Levels and vault maps discovered:
D:1:      lemuel_arrival_tunnels, layout_basic
D:2:      layout_basic, basic_altar
D:3:      layout_basic, mainiacjoe_overflow_cross_hatched,
          nicolae_elevator_lobby_asterisk, uniq_jessica
D:4:      layout_layer_cave, nicolae_uskayaw_suspiria,
          minmay_temple_entry_sparse_star
D:5:      layout_basic, grunt_ministairs_1, dk_noncrumbling_2,
          chequers_serial_rivers_micro_a, minmay_mini_ossuary
D:6:      layout_basic, dreamdust_princess_corridor
D:7:      layout_rooms, kennysheep_cluttered_room,
          chequers_serial_rivers_small_3
D:8:      layout_basic, jmf_multi_god_temple2, enter_bailey_5,
          nicolae_transmutations_shop
D:9:      layout_roguey, gammafunk_temple_overflow_pools,
          erik_lair_orcish_takeover, nicolae_where_there's_smoke, uniq_erolcha
Temple:   nicolae_temple_elliptical

Skill      XL: |  1  2  3  4  5  6  7  8  9 10 |
---------------+-------------------------------+-----
Invocations    | 1 2 3 4 5 6 |  6.7
Short Blades   | 1 2 3 5 6 |  6.1
Long Blades    | 1 2 3 5 6 |  6.1
Axes           | 1 2 3 5 6 |  6.1
Maces & Flails | 1 2 3 5 6 |  6.1
Polearms       | 1 2 3 5 6 |  6.1
Staves         | 1 2 3 5 6 |  6.1
Ranged Weapons | 1 2 3 5 6 |  6.1
Throwing       | 1 2 3 5 6 |  6.1
Armour         | 1 2 3 5 6 |  6.1
Stealth        | 1 2 3 5 6 |  6.1
Shields        | 1 2 3 5 6 |  6.1
Spellcasting   | 1 2 3 5 6 |  6.1
Evocations     | 1 2 3 5 6 |  6.1
Conjurations   | 1 2 3 4 5 |  5.1
Hexes          | 1 2 3 4 5 |  5.1
Summonings     | 1 2 3 4 5 |  5.1
Necromancy     | 1 2 3 4 5 |  5.1
Translocations | 1 2 3 4 5 |  5.1
Fire Magic     | 1 2 3 4 5 |  5.1
Ice Magic      | 1 2 3 4 5 |  5.1
Air Magic      | 1 2 3 4 5 |  5.1
Earth Magic    | 1 2 3 4 5 |  5.1
Alchemy        | 1 2 3 4 5 |  5.1
Fighting       | 3 4 5 6 |  6.7
Dodging        | 5 6 7 |  7.7
Unarmed Combat | 7 8 9 |  9.1
Shapeshifting  | 7 8 |  8.7

Action                     |  1- 3 |  4- 6 |  7- 9 | 10-12 || total
---------------------------+-------+-------+-------+-------++-------
  Melee: Unarmed           |    65 |   107 |    11 |    13 ||   196
         Bite              |     1 |    18 |    36 |    29 ||    84
         Punch             |       |     5 |    11 |    12 ||    28
         Dagger            |       |    49 |   157 |       ||   206
         Spear             |       |       |   103 |    23 ||   126
         Falchion          |       |       |       |   131 ||   131
  Throw: Javelin           |       |     2 |     5 |     4 ||    11
         Dart              |       |       |     2 |    13 ||    15
         Boomerang         |       |       |       |     1 ||     1
 Invoke: Serpent's Lash    |       |       |       |     1 ||     1
Ability: Lunge             |       |     7 |    25 |    18 ||    50
         Whirlwind         |       |       |    29 |    34 ||    63
  Evoke: Wand              |       |       |       |     2 ||     2
    Use: Potion            |       |     1 |       |     6 ||     7
         Scroll            |       |       |     1 |     8 ||     9
   Stab: Sleeping          |     2 |       |       |       ||     2
         Invisible         |       |       |       |     1 ||     1
 Armour: Animal skin       |    19 |       |       |       ||    19
         Scale mail        |    11 |    17 |       |       ||    28
         Chain mail        |     1 |    27 |    40 |       ||    68
         Ring mail         |       |    33 |       |       ||    33
         Skin              |       |     5 |     5 |       ||    10
         Plate armour      |       |       |    88 |   123 ||   211
  Dodge: Dodged            |    27 |    66 |   103 |    72 ||   268
   Form: Beast             |       |     1 |     6 |     2 ||     9
         Flux              |       |     1 |     6 |     2 ||     9
